 Dungeon Crawl Stone Soup version 0.28-a0-397-g1a7b1a870f (webtiles) character file.

Game seed: 8406332957794915340

41 Jawa73 the Firebug (level 3, 0/25 HPs)
             Began as a Gnoll Fire Elementalist on Sept 4, 2021.
             Slain by Grinder (2 damage)
             ... on level 3 of the Dungeon.
             The game lasted 00:05:04 (1899 turns).

Jawa73 the Firebug (Gnoll Fire Elementalist)        Turns: 1899, Time: 00:05:06

Health: 0/25       AC:  2    Str:  7    XL:     3   Next: 52%
Magic:  6/9        EV: 14    Int: 15    God:
Gold:   63         SH:  0    Dex: 18    Spells: 9/12 levels left

rFire   . . .      SeeInvis .   l - +2 dagger (freeze)
rCold   . . .      Faith    .   (no shield)
rNeg    . . .      Spirit   .   a - +0 robe
rPois   .          Reflect  .   (no helmet)
rElec   .          Harm     .   (no cloak)
rCorr   .          Rampage  .   (no gloves)
Will    .....                   (no boots)
Stlth   +++.......              j - amulet of magic regeneration
HPRegen 0.08/turn               i - +6 ring of dexterity
MPRegen 0.36/turn               (no ring)

@: no status effects
A: fangs 1, strong nose, distributed training
a: no special abilities


You were on level 3 of the Dungeon.
You visited 1 branch of the dungeon, and saw 3 of its levels.

You collected 63 gold pieces.

Inventory:

Hand Weapons
 l - a +2 dagger of freezing (weapon)
Missiles
 k - 32 stones
Armour
 a - a +0 robe (worn)
 d - a +0 buckler
Jewellery
 i - a +6 ring of dexterity (left hand)
 j - an amulet of magic regeneration (around neck)
Potions
 b - 3 potions of curing
 c - a potion of flight
 e - a potion of mutation
 f - a potion of attraction
 g - a potion of berserk rage {unknown}
 h - a potion of might {unknown}


   Skills:
 + Level 0.8 Fighting
 + Level 0.8 Short Blades
 + Level 0.8 Long Blades
 + Level 0.8 Axes
 + Level 0.8 Maces & Flails
 + Level 0.8 Polearms
 + Level 0.8 Staves
 + Level 0.8 Slings
 + Level 0.8 Bows
 + Level 0.8 Crossbows
 + Level 0.8 Throwing
 + Level 0.8 Armour
 + Level 4.5 Dodging
 + Level 4.1 Stealth
 + Level 0.8 Shields
 + Level 0.8 Unarmed Combat
 + Level 5.0 Spellcasting
 + Level 2.1 Conjurations
 + Level 0.5 Hexes
 + Level 0.5 Summonings
 + Level 0.5 Necromancy
 + Level 0.5 Translocations
 + Level 0.5 Transmutations
 + Level 5.4 Fire Magic
 + Level 0.5 Ice Magic
 + Level 0.5 Air Magic
 + Level 0.5 Earth Magic
 + Level 0.5 Poison Magic
 + Level 1.0 Invocations
 + Level 0.8 Evocations


You had 9 spell levels left.
You knew the following spells:

 Your Spells              Type           Power      Damage    Failure   Level
a - Foxfire               Conj/Fire      60%        2x1d7     3%          1
b - Scorch                Fire           40%        2d7       2%          2

Your spell library contained the following spells:

 Spells                   Type           Power      Damage    Failure   Level
 Conjure Flame            Conj/Fire      15%        6-21      11%         3
 Inner Flame              Hex/Fire       12%        N/A       14%         3
 Flame Wave               Conj/Fire      15%        3d5       34%         4


Dungeon Overview and Level Annotations

Branches:
Dungeon (3/15)

Altars:
Trog

Annotations:
D:3 Grinder


Innate Abilities, Weirdness & Mutations

You have very sharp teeth.
Your uncanny sense of smell can sniff out nearby items.
Your experience applies equally to all skills.


Message History

You kill the bat!
Your foxfire dissipates!
A frilled lizard comes into view.
Grinder comes into view.
Found 12 sling bullets.
The helpless Grinder fails to defend herself.
You impale Grinder!!
Grinder is heavily wounded.
Grinder hits you.
You writhe in agony.
You hit Grinder but do no damage.
Grinder is heavily wounded.
Grinder barely misses you.
You hit Grinder but do no damage. Your bite misses Grinder.
Grinder is heavily wounded.
Grinder hits you!
* * * LOW HITPOINT WARNING * * *
Casting: Foxfire (safe; 3% risk of failure)
Confirm with . or Enter, or press ? or * to list all spells.
Flames lash Grinder.
Grinder is heavily wounded.
Grinder's fire resistance burns away.
Grinder misses you.
Casting: Scorch (safe; 2% risk of failure)
Confirm with . or Enter, or press ? or * to list all spells.
Okay, then.
Casting: Foxfire (safe; 3% risk of failure)
Press: ? - help, Q - select action, (/) - cycle Dir - look around, f - activate You conjure some foxfire!
Grinder completely misses you.
Casting: Foxfire (safe; 3% risk of failure)
Press: ? - help, Q - select action, (/) - cycle Dir - look around, f - activate You conjure some foxfire!
Grinder is no longer more vulnerable to fire.
The foxfire hits Grinder.
Grinder is heavily wounded.
The foxfire hits Grinder.
Grinder is severely wounded.
Grinder hits you.
* * * LOW HITPOINT WARNING * * *
You writhe in agony.
You die...

...........#..#
.#............#
.#..#.##.####.###.##
##..#.##.#.......l.#
....#####.....######
###.# #####..(...#
....# ### #.....##
....#...# #..v..#
....#...# #...@5#
....'...+ +...v.#
....#...# #.....#
....#...# #.......
###.# ..# #........
#.# ..# #####....
#.# .# ##### ###†#
## §##'##


You could see Grinder (ally target).

Vanquished Creatures
  A dart slug (D:2)
  3 ball pythons (D:2)
  3 bats
  6 endoplasms
  2 giant cockroaches (D:1)
  A goblin (D:3)
  4 hobgoblins
  4 jackals (D:1)
  2 quokkas
  A frilled lizard (D:2)
  3 kobolds (D:2)
  2 rats
32 creatures vanquished.

Vanquished Creatures (others)
  89 foxfires
89 creatures vanquished.

Grand Total: 121 creatures vanquished

Notes
Turn   | Place    | Note
-------+----------+-------------------------------------------
     0 | D:1      | Jawa73 the Gnoll Fire Elementalist began the quest for the
                  | Orb.
     0 | D:1      | Reached XP level 1. HP: 13/13 MP: 6/6
    59 | D:1      | Reached XP level 2. HP: 19/19 MP: 0/7
   358 | D:1      | Found a faded altar of an unknown god.
  1054 | D:2      | Found a bloodstained altar of Trog.
  1126 | D:2      | Learned a level 2 spell: Scorch
  1329 | D:2      | Reached skill level 5 in Spellcasting
  1329 | D:2      | Reached XP level 3. HP: 25/25 MP: 4/9
  1799 | D:3      | Reached skill level 1 in Invocations
  1886 | D:3      | Noticed Grinder
  1899 | D:3      | Slain by Grinder

Illustrated notes

Levels and vault maps discovered:
D:1:      psy_arrival_statuary, layout_basic, basic_ecumenical_altar
D:2:      layout_rooms, basic_altar, serial_corexii_hall,
          corexii_hall_statues_i, corexii_hall_statues_i,
          corexii_hall_statues_x, corexii_hall_statues_x,
          chequers_hall_statues_corner_a, chequers_hall_statues_y
D:3:      layout_basic, mainiacjoe_overflow_alcove_2, serial_corexii_hall,
          corexii_hall_statues_i, corexii_hall_statues_s, uniq_grinder,
          uniq_jessica

Skill      XL: |  1  2  3 |
---------------+----------+-----
Conjurations   | 2 |  2.1
Spellcasting   | 5 |  5.0
Invocations    | 1 |  1.0
Fighting       | |  0.8
Short Blades   | |  0.8
Long Blades    | |  0.8
Axes           | |  0.8
Maces & Flails | |  0.8
Polearms       | |  0.8
Staves         | |  0.8
Slings         | |  0.8
Bows           | |  0.8
Crossbows      | |  0.8
Throwing       | |  0.8
Armour         | |  0.8
Dodging        | |  4.5
Stealth        | |  4.1
Shields        | |  0.8
Unarmed Combat | |  0.8
Hexes          | |  0.5
Summonings     | |  0.5
Necromancy     | |  0.5
Translocations | |  0.5
Transmutations | |  0.5
Fire Magic     | |  5.4
Ice Magic      | |  0.5
Air Magic      | |  0.5
Earth Magic    | |  0.5
Poison Magic   | |  0.5
Evocations     | |  0.8

Action                   || total
-------------------------++-------
Melee: Unarmed           ||    11
       Bite              ||     3
       Dagger            ||     5
 Cast: Foxfire           ||    51
       Scorch            ||     4
  Use: Scroll            ||     6
 Stab: Sleeping          ||     1
Armor: Robe              ||     8
Dodge: Dodged            ||    22

Table legend: (Time is in decaauts)
 A = Elapsed time spent in this place.
 B = Non-inter-level travel time spent in this place.
 C = Inter-level travel time spent in this place.
 D = Time resting spent in this place.
 E = Time spent auto-exploring this place.
 F = Levels seen in this place.
 G = Mean time per level.
                   A        B        C        D        E       F      G
               +--------+--------+--------+--------+--------+-----+--------+
         Total |   1897 |   1861 |     36 |      0 |   1480 |   3 |  632.3 |
       Dungeon |   1897 |   1861 |     36 |      0 |   1480 |   3 |  632.3 |
               +--------+--------+--------+--------+--------+-----+--------+

Top non-repeatable levels by time:
     D:1: 1053 daAuts
     D:2: 673 daAuts
     D:3: 170 daAuts
